 Dungeon Crawl Stone Soup version 0.29-a0-350-g7790a0e70a (webtiles) character file.

Game seed: 14884688984138038073

519 HendSelp the Insei (level 7, -3/45 HPs)
             Began as an Octopode Transmuter on Apr 22, 2022.
             Was a Priest of Elyvilon.
             Killed from afar by an orc wizard (6 damage)
             ... with a magic dart
             ... on level 4 of the Dungeon.
             The game lasted 00:04:38 (4407 turns).

HendSelp the Insei (Octopode Transmuter)            Turns: 4407, Time: 00:04:39

Health: -3/45      AC:  1    Str: 17    XL:     7   Next: 21%
Magic:  5/11       EV: 13    Int: 15    God:    Elyvilon [***...]
Gold:   120        SH:  0    Dex: 13    Spells: 9/12 levels left

rFire   . . .      SeeInvis .     - Unarmed
rCold   . . .      Faith    .   (no shield)
rNeg    . . .      Spirit   .   (helmet restricted)
rPois   .          Reflect  .   (no amulet)
rElec   .          Harm     .   j - +6 ring of strength
rCorr   .          Rampage  .   (no ring)
Will    .....                   (no ring)
Stlth   ++........              (no ring)
HPRegen 0.15/turn               (no ring)
MPRegen 0.12/turn               (no ring)
                                (no ring)
                                (no ring)

@: wereblooded (expiring), on berserk cooldown, slowed, very slow
A: almost no armour, amphibious, 8 rings, camouflage 1, gelatinous body 1,
(nimble swimmer 1), tentacles
a: Renounce Religion, Purification, Heal Other, Heal Self


You were on level 4 of the Dungeon.
You worshipped Elyvilon.
Elyvilon was most pleased with you.
You visited 1 branch of the dungeon, and saw 4 of its levels.

You collected 120 gold pieces.

Inventory:

Jewellery
 j - a +6 ring of strength (left tentacle)
Potions
 b - a potion of haste {unknown}
 d - a potion of degeneration {unknown}
 e - 2 potions of brilliance {unknown}
 f - 3 potions of heal wounds {unknown}
 g - 2 potions of resistance {unknown}
 i - 2 potions of mutation


   Skills:
 * Level 2.7 Fighting
 + Level 2.6 Dodging
 * Level 5.6 Unarmed Combat
 + Level 3.1 Spellcasting
 * Level 3.9 Transmutations


You had 9 spell levels left.
You knew the following spells:

 Your Spells              Type           Power      Damage    Failure   Level
a - Beastly Appendage     Tmut           28%        N/A       3%          1
b - Wereblood             Tmut           14%        N/A       6%          2

Your spell library contained the following spells:

 Spells                   Type           Power      Damage    Failure   Level
 Spider Form              Tmut/Pois      8%         N/A       26%         3
 Inner Flame              Hex/Fire       2%         N/A       52%         3
 Ice Form                 Ice/Tmut       8%         N/A       65%         4
 Cause Fear               Hex            1%         N/A       89%         4
 Discord                  Hex            1%         N/A       100%        8


Dungeon Overview and Level Annotations

Branches:
Dungeon (4/15)
 Temple: D:4-7

Altars:
Elyvilon


Innate Abilities, Weirdness & Mutations

You cannot wear most types of armour.
You are amphibious.
You can wear up to eight rings at the same time.
Your skin changes colour to match your surroundings (Stealth+).
Your rubbery body absorbs attacks. (AC +1, EV +1)
((You are camouflaged when in or above water. (Stealth+)))
You have tentacles for arms and can constrict up to eight enemies at once.


Message History

You feel yourself slow down. Something hits you.
* * * LOW HITPOINT WARNING * * *
Unknown command.
You barely miss something. Your squeeze misses something. Something hits you.
* * * LOW HITPOINT WARNING * * *
Unknown command.
Unknown command.
You bump into the rock wall.
You hear some strange, mumbled words.
Something tries to affect you, but you resist.
Something hits you.
* * * LOW HITPOINT WARNING * * *
Unknown command.
Unknown command.
You miss something. You squeeze something. Something barely misses you.
Unknown command.
Unknown command.
Unknown command.
You closely miss something.
You feel less confused.
Your primal bloodlust is almost over.
Something hits you.
* * * LOW HITPOINT WARNING * * *
Something hits you.
* * * LOW HITPOINT WARNING * * *
Unknown command.
Unknown command.
Unknown command.
Unknown command.
You feel better. Something hits you.
* * * LOW HITPOINT WARNING * * *
Unknown command.
Unknown command.
You completely miss something. Your squeeze misses something.
You hear an angry hiss.
Something hits you.
* * * LOW HITPOINT WARNING * * *
You hear some strange, mumbled words.
A magic dart appears from out of thin air!
The magic dart hits you.
You die...

####+#######
#..........#
#..........#
#..........#
####+##...##
#.# ...# ..
#.# ...#
..... #@#
...# .....
#{# ..o.
.....#####o#


ooo.5 ...........' o....> .........### .........# .........### ...........+
#######.#### You could see an orc.

Vanquished Creatures
  Grinder (D:4)
  An ice beast (D:3)
  A howler monkey (D:3)
  Terence (D:3)
  2 orc wizards (D:4)
  A gnoll (D:1)
  6 adders (D:3)
  3 worms
  A dart slug (D:3)
  3 endoplasms
  14 giant cockroaches
  6 goblins
  8 hobgoblins
  3 kobolds
  A quokka (D:1)
  6 ball pythons
  2 bats
  A frilled lizard (D:3)
  4 rats
65 creatures vanquished.

Notes
Turn   | Place    | Note
-------+----------+-------------------------------------------
     0 | D:1      | HendSelp the Octopode Transmuter began the quest for the
                  | Orb.
     0 | D:1      | Reached XP level 1. HP: 13/13 MP: 3/3
   104 | D:1      | Found a faded altar of an unknown god.
   159 | D:1      | Prayed at the altar of an unknown god.
   159 | D:1      | Became a worshipper of Elyvilon the Healer
   159 | D:1      | Reached * piety under Elyvilon
   207 | D:1      | Reached XP level 2. HP: 12/18 MP: 3/5
  1041 | D:1      | Learned a level 2 spell: Wereblood
  1205 | D:2      | Reached ** piety under Elyvilon
  1231 | D:2      | Reached XP level 3. HP: 23/23 MP: 6/6
  2765 | D:3      | Reached skill level 4 in Unarmed Combat
  2768 | D:3      | Reached XP level 4. HP: 21/29 MP: 7/7
  2906 | D:3      | Noticed an ice beast
  2922 | D:3      | Killed an ice beast
  2923 | D:3      | Reached XP level 5. HP: 27/34 MP: 8/8
  3337 | D:3      | Reached *** piety under Elyvilon
  3357 | D:3      | Reached skill level 5 in Unarmed Combat
  3357 | D:3      | Reached XP level 6. HP: 30/39 MP: 9/9
  3818 | D:3      | Noticed Terence
  3827 | D:3      | Killed Terence
  4350 | D:4      | Noticed Grinder
  4369 | D:4      | Paralysed by Grinder for 2 turns
  4397 | D:4      | Killed Grinder
  4398 | D:4      | Reached XP level 7. HP: 20/45 MP: 3/11
  4407 | D:4      | Killed from afar by an orc wizard

Illustrated notes

Levels and vault maps discovered:
D:1:      saegor_arrival_simple_a, layout_basic,
          shapermc_ecumenical_altar_hornbeckon
D:2:      minmay_roachtagon, layout_loops_corners
D:3:      layout_basic, kennysheep_generic_room_7, uniq_terence
D:4:      layout_basic, dk_noncrumbling_4, kennysheep_donut,
          kennysheep_windowed_goal, uniq_grinder

Skill      XL: |  1  2  3  4  5  6 |
---------------+-------------------+-----
Unarmed Combat | 4 5 |  5.6
Fighting       | 2 |  2.7
Transmutations | 3 |  3.9
Spellcasting   | 3 |  3.1
Dodging        | |  2.6

Action                   |  1- 3 |  4- 6 |  7- 9 || total
-------------------------+-------+-------+-------++-------
Melee: Unarmed           |    90 |    75 |     6 ||   171
       Kick              |    26 |    18 |       ||    44
       Constrict         |    23 |    17 |       ||    40
       Tentacles         |    13 |    13 |     1 ||    27
       Punch             |     2 |     1 |       ||     3
 Cast: Beastly Appendage |    22 |    19 |       ||    41
       Wereblood         |       |     2 |       ||     2
Invok: Purification      |       |     2 |       ||     2
  Use: Scroll            |     5 |     2 |       ||     7
       Potion            |       |     6 |     1 ||     7
 Stab: Sleeping          |     5 |     3 |       ||     8
Armor: Skin              |     5 |     4 |       ||     9
Dodge: Dodged            |    58 |    28 |     1 ||    87

Table legend: (Time is in decaauts)
 A = Elapsed time spent in this place.
 B = Non-inter-level travel time spent in this place.
 C = Inter-level travel time spent in this place.
 D = Time resting spent in this place.
 E = Time spent auto-exploring this place.
 F = Levels seen in this place.
 G = Mean time per level.
                   A        B        C        D        E       F      G
               +--------+--------+--------+--------+--------+-----+--------+
         Total |   4400 |   4271 |    129 |   1008 |   2759 |   4 | 1100.0 |
       Dungeon |   4400 |   4271 |    129 |   1008 |   2759 |   4 | 1100.0 |
               +--------+--------+--------+--------+--------+-----+--------+

Top non-repeatable levels by time:
     D:2: 1678 daAuts
     D:3: 1516 daAuts
     D:1: 1065 daAuts
     D:4: 139 daAuts
